 Dungeon Crawl Stone Soup version 0.17-a0-1442-g10bb59b (webtiles) character file.

203 pulse the Grave Robber (level 5, -1/46 HPs)
             Began as a Hill Orc Necromancer on June 27, 2015.
             Was an Initiate of Makhleb.
             Slain by an ogre
             ... wielding a +0 giant spiked club
              (14 damage)
             ... on level 3 of the Dungeon.
             The game lasted 00:13:38 (3590 turns).

pulse the Grave Robber (Hill Orc Necromancer)       Turns: 3590, Time: 00:13:38

Health: -1/46      AC: 17    Str: 12    XL:     5   Next: 81%
Magic:  7/7        EV:  5    Int: 15    God:    Makhleb [......]
Gold:   181        SH:  0    Dex: 11    Spells: 1 memorised, 6 levels left

rFire  . . .     SeeInvis +     k - +2 hammer (protect)
rCold  . . .     Clarity  .     s - +0 chain mail (curse)
rNeg   . . .     SustAt   .     (no shield)
rPois  .         Gourm    .     j - +0 helmet
rElec  .         Spirit   .     i - +0 cloak
rCorr  .         Warding  .     (no gloves)
rMut   .         Stasis   .     d - +0 pair of boots
MR     .....                    (no amulet)
Stlth  ..........               (no ring)
                                h - ring of see invisible

@: not resistant to hostile enchantments, extremely unstealthy
A: no striking features
a: Renounce Religion


You were on level 3 of the Dungeon.
You worshipped Makhleb.
Makhleb was noncommittal.
You were not hungry.

You visited 1 branch of the dungeon, and saw 4 of its levels.

You collected 181 gold pieces.

Inventory:

Hand weapons
 k - a +2 hammer of protection (weapon)
 m - a +0 hand axe
 n - a +1 dagger of venom
Armour
 d - a +0 pair of boots (worn)
 i - a +0 cloak (worn)
 j - a +0 helmet (worn)
 s - a cursed +0 chain mail (worn)
Jewellery
 h - a ring of see invisible (left hand)
Magical devices
 e - a wand of random effects (18)
Scrolls
 f - 3 scrolls of remove curse
Potions
 a - 2 potions of brilliance
 l - a potion of resistance
 p - 2 potions of invisibility
Books
 b - a book of Necromancy

   Spells                             Type                      Level
   a - Pain                           Necromancy                   1
   b - Animate Skeleton               Necromancy                   1
   c - Vampiric Draining              Necromancy                   3
   d - Regeneration                   Charms/Necromancy            3
   e - Animate Dead                   Necromancy                   4
   f - Control Undead                 Necromancy                   4
Comestibles
 c - 4 bread rations
 g - a chunk of flesh
 v - 2 fruits


   Skills:
 * Level 3.6 Fighting
 * Level 1.1 Axes
 * Level 2.4 Armour
 - Level 1.5 Dodging
 - Level 1.5 Stealth
 + Level 1.6 Spellcasting
 * Level 5.2 Necromancy


You had 6 spell levels left.
You knew the following spells:

 Your Spells              Type           Power        Failure   Level  Hunger
a - Pain                  Necr           ###.         91%         1    ##.....


Dungeon Overview and Level Annotations

Branches:
Dungeon (4/15)
 Temple: D:4-7

Altars:
Makhleb
Xom
The Shining One


Message History

The bat barely misses you. The bat barely misses you.
There is a stone staircase leading up here.
The bat hits you but does no damage. The ogre hits you but does no damage.
You climb upwards.
There is a stone staircase leading down here.
Unknown command.
Unknown command.
Zapping:
e - a wand of random effects (will waste charges)
Press: ? - help, Shift-Dir - straight line, f - ogre
Aim: an ogre, wielding a giant spiked club (heavily wounded)
The ogre flickers and vanishes for a moment.
Evoking this partially-identified wand wasted a few charges.
The ogre barely misses you.
Your chain mail prevents you from hitting the ogre.
The ogre is heavily wounded.
You hit the ogre.
The ogre is severely wounded.
The ogre hits you with a giant spiked club!
You die...

...................## #....).#.##
##.........###......###..###.#.##
##.#...#.## #.......##..# #....#
#.......####...........# #.....
###.....##.........###.####...#
#........#......## #.....#...
#..............## #####.####
#........#.#.### #)# #
##....##...O@# ##รท## #
#....####.### ##...###
#.#.......###########.......
#.#..#######.............###
#....# #.##########.## ###..# #.#
#.# #..# #.# #.# #..# #.# #.####
#..# #.# #.....


You could see an ogre (invisible).

Vanquished Creatures
  Crazy Yiuf (D:3)
  An orc priest (D:4)
  Ijyb (D:3)
  3 adders
  An adder zombie (D:3)
  2 worms
  5 giant geckos
  An orc (D:3)
  13 bats
  4 giant cockroaches (D:1)
  7 goblins
  15 hobgoblins
  4 jackals (D:3)
  4 kobolds
  7 giant newts
  8 rats
  A fungus (D:3)
78 creatures vanquished.

Notes
Turn   | Place    | Note
--------------------------------------------------------------
     0 | D:1      | pulse the Hill Orc Necromancer began the quest for the Orb.
     0 | D:1      | Reached XP level 1. HP: 14/14 MP: 3/3
   245 | D:1      | Reached skill level 1 in Fighting
   566 | D:1      | Reached XP level 2. HP: 23/23 MP: 4/4
  1134 | D:1      | Reached XP level 3. HP: 24/29 MP: 5/5
  2013 | D:2      | Found a glowing golden altar of the Shining One.
  2013 | D:2      | Found a shimmering altar of Xom.
  2019 | D:2      | Reached skill level 1 in Armour
  2296 | D:2      | Reached XP level 4. HP: 35/37 MP: 6/6
  2624 | D:3      | Noticed Ijyb
  2647 | D:3      | Killed Ijyb
  2647 | D:3      | Reached skill level 5 in Necromancy
  2694 | D:3      | Reached XP level 5. HP: 41/45 MP: 7/7
  2812 | D:3      | Found a burning altar of Makhleb.
  2855 | D:3      | Became a worshipper of Makhleb the Destroyer
  3350 | D:3      | Noticed Crazy Yiuf
  3357 | D:3      | Killed Crazy Yiuf
  3357 | D:3      | Reached skill level 1 in Axes
  3572 | D:4      | Noticed an ogre
  3590 | D:3      | Slain by an ogre

Vault maps used:
D:1:      minmay_arrival_four_loops
D:2:      lemuel_upstairs_altar, gammafunk_temple_overflow_wave, serial_glass,
          glass_columns_c, glass_columns_a, first_bread
D:3:      overflow_temple_1_default, uniq_crazy_yiuf_cottage, uniq_iyjb
D:4:      gammafunk_temple_overflow_elements, uniq_natasha

Action                   |  1- 3 |  4- 6 || total
-------------------------+-------+-------++-------
Melee: Whip              |    28 |       ||    28
       Unarmed           |    16 |       ||    16
       Mace              |    36 |       ||    36
       Dagger            |    93 |   160 ||   253
       Hammer            |       |    18 ||    18
 Cast: Pain              |     1 |       ||     1
Evoke: Wand              |       |     1 ||     1
  Use: Potion            |     1 |     1 ||     2
       Scroll            |     3 |     8 ||    11
  Eat: Bread ration      |     1 |       ||     1
       Chunk             |       |     4 ||     4
       Beef jerky        |       |     1 ||     1
